 Dungeon Sprint DCSS version 0.26-a0-660-gc07710193c (webtiles) character file.

Game seed: 2530776267186077047

7416 mhtbhm the Earth Mage (level 11, -20/44 HPs)
             Began as a Gargoyle Earth Elementalist on Oct 6, 2020.
             Was the Champion of Vehumet.
             Demolished by an orc knight
             ... wielding a +3 vorpal battleaxe
              (24 damage)
             ... in the Dungeon (Sprint III: "The Ten Rune Challenge").
             The game lasted 00:07:34 (2087 turns).

mhtbhm the Earth Mage (Gargoyle Earth Elementalist) Turns: 2087, Time: 00:07:34

Health: -20/44     AC: 12    Str: 13    XL:     11   Next: 14%
Magic:  10/30      EV: 14    Int: 20    God:    Vehumet [******]
Gold:   37         SH:  0    Dex: 10    Spells: 23/41 levels left

rFire    . . .     SeeInvis .   (no weapon)
rCold    . . .     Faith    .   (no shield)
rNeg     + . .     Spirit   .   c - +0 robe
rPois    ∞         Reflect  .   (no helmet)
rElec    +         Harm     .   (no cloak)
rCorr    .         Rampage  .   (no gloves)
MR       +....     NoTele   +   (no boots)
Stlth    ++........             (no amulet)
HPRegen  0.14/turn              (no ring)
MPRegen  0.22/turn              (no ring)

@: no status effects
A: thin metallic scales 1, blink, frail 2, magic resistance 1, negative energy
resistance 1, electricity resistance, strong 1, unbreathing, petrification
resistance, rot immunity, AC +8
a: Blink, Renounce Religion


You were in the Dungeon.
You worshipped Vehumet.
Vehumet was exalted by your worship.
You visited 1 branch You collected 37 gold pieces.

Inventory:

Missiles
 b - 11 stones (quivered)
Armour
 c - a +0 robe (worn)
Scrolls
 a - a scroll of amnesia {unknown}
 i - a scroll of blinking
 k - 2 scrolls of holy word {unknown}
 l - 2 scrolls of identify {unknown}
 m - a scroll of remove curse {unknown}
 o - a scroll of magic mapping {unknown}
Potions
 d - a potion of curing
 h - 2 potions of berserk rage
 j - a potion of might
 n - 2 potions of flight {unknown}
Miscellaneous
 p - a tin of tremorstones (1/3)


   Skills:
 + Level 0.5 Fighting
 + Level 5.8 Dodging
 - Level 2.5 Stealth
 - Level 0.2 Unarmed Combat
 + Level 15.7 Spellcasting
 + Level 3.5 Conjurations
 + Level 2.9 Transmutations
 + Level 19.6 Earth Magic
 + Level 2.0 Evocations


You had 23 spell levels left.
You knew the following spells:

 Your Spells              Type           Power        Failure   Level
a - Sandblast             Erth           ######       0%          1
b - Passwall              Tmut/Erth      ######..     1%          2
c - Stone Arrow           Conj/Erth      ######       1%          3
d - Lee's Rapid Deconstr  Erth           #######...   1%          5
e - Petrify               Tmut/Erth      ######..     1%          4
f - Inner Flame           Hex/Fire       ###.....     3%          3

Your spell library contained the following spells:

 Spells                   Type           Power        Failure   Level
 Irradiate                Conj/Tmut      ####......   8%          5
 Magic Dart               Conj           ####         1%          1
 Conjure Flame            Conj/Fire      ###.....     1%          3
 Mephitic Cloud           Conj/Pois/Air  ###.....     1%          3
 Animate Skeleton         Necr           ###...       3%          1
 Apportation              Tloc           ###...       3%          1
 Corona                   Hex            ###....      3%          1
 Summon Small Mammal      Summ           ###.         3%          1
 Blink                    Tloc           N/A          6%          2
 Call Imp                 Summ           ###.....     6%          2
 Slow                     Hex            ###.....     6%          2


Dungeon Overview and Level Annotations

Branches:
Dungeon (1/1)

Altars:
Cheibriados
Dithmenos
Elyvilon
Fedhas
Gozag
Hepliaklqana
Kikubaaqudgha
Makhleb
Nemelex Xobeh
Okawaru
Qazlal
Ru
Sif Muna
Trog
Uskayaw
Vehumet
Wu Jian
Xom
Yredelemnul
Zin
The Shining One
Beogh
Jiyva
Lugonu

Shops:
D =


Innate Abilities, Weirdness & Mutations

You are resistant to torment.
Your stone body is resilient. (AC +8)
You are immune to poison.
You resist negative energy. (rN+)
You are resistant to electric shocks. (rElec)
You can survive without breathing.
You are immune to petrification.
You are immune to rotting.
You are partially covered in thin metallic scales. (AC +2)
You can translocate small distances at will.
You are very frail. (-20% HP)
You are resistant to hostile enchantments. (MR+)
Your muscles are strong. (Str +2)


Message History

Okay, then.
The orc knight closely misses you.
Casting: Petrify (safe; 1% risk of failure)
Confirm with . or Enter, or press ? or * to list all spells.
Press: ? - help, Dir - move target cursor, p - orc knight A rock wall.
The wall shatters!
The blast of rock fragments hits the orc warrior.
The orc warrior is severely wounded.
The blast of rock fragments hits the orc priest!!
You kill the orc priest!
Vehumet accepts your kill.
You feel your power returning.
The blast of rock fragments hits the orc knight!
The orc knight is heavily wounded.
The orc warrior hits you from afar with a +0 halberd!!
* * * LOW HITPOINT WARNING * * *
The orc knight hits you with a +3 vorpal battleaxe!!
Ouch! That really hurt!
You die...

♣..#..)#__)#._#$$ ...
♣♣..###'#'###'##.$ ).
....#..........#..))
♣...'.⌠........#)#)
≈♣..#...######'#))
....#.⌠.#__#...#)################
....#...#__#...#o§≈§≈'.#.)...'.#.
....#)###__#...#o#§§§#.#.#...##.#
....#)..#__#...'@#§§§#.#.#.).#.#.
....#___#__'...#.#.§.#...#)..##.#
▓▓▓▓▓▓▓▓▓▓▓▓▓▓▓▓▓▓▓▓▓▓▓▓▓▓▓▓▓#.#.
♣≈≈≈........≈≈≈...##.#
+♣≈≈≈≈≈≈≈≈≈≈≈≈♣♣P.'.#.
♣♣♣♣♣♣♣♣♣♣♣♣♣♣♣PP##.# ♣♣♣# +#


You could see an orc knight and an orc warrior (strong).

Vanquished Creatures
  Snorg (D)
  A centaur warrior (D)
  An orc high priest (D)
  2 unseen horrors (D)
  An orc sorcerer (D)
  A deep elf mage (D)
  3 wandering mushrooms (D)
  A queen bee (D)
  A shadow (D)
  A spatial vortex (D)
  A necrophage (D)
  2 centaurs (D)
  An earth elemental (D)
  A water elemental (D)
  32 killer bees (D)
  A jelly (D)
  4 orc wizards (D)
  An orc priest (D)
  A wizard (D)
  Jessica (D)
  A necromancer (D)
  3 humans (D)
  A kobold demonologist (D)
  A wolf (D)
  An ooze (D)
  9 orcs (D)
  2 rats (D)
76 creatures vanquished.

Notes
Turn   | Place    | Note
-------+----------+-------------------------------------------
     0 | D        | mhtbhm the Gargoyle Earth Elementalist began the quest for
                  | the Orb.
     0 | D        | Reached XP level 1. HP: 10/10 MP: 3/3
    17 | D        | Reached skill level 4 in Earth Magic
   157 | D        | Noticed Jessica
   159 | D        | Killed Jessica
   159 | D        | Reached skill level 6 in Earth Magic
   159 | D        | Reached XP level 2. HP: 13/15 MP: 1/6
   159 | D        | Reached XP level 3. HP: 16/19 MP: 1/7
   202 | D        | Learned a level 2 spell: Passwall
   206 | D        | Learned a level 3 spell: Stone Arrow
   265 | D        | Gained mutation: You are frail. (-10% HP) [potion of
                  | mutation]
   265 | D        | Gained mutation: You are very frail. (-20% HP) [potion of
                  | mutation]
   265 | D        | Gained mutation: You are agile. (Dex +2) [potion of
                  | mutation]
   266 | D        | Lost mutation: You are agile. (Dex +2) [potion of mutation]
   266 | D        | Lost mutation: You are very frail. (-20% HP) [potion of
                  | mutation]
   266 | D        | Gained mutation: You expend magic power (3 MP) to
                  | strengthen your wands. [potion of mutation]
   266 | D        | Gained mutation: You are very frail. (-20% HP) [potion of
                  | mutation]
   266 | D        | Gained mutation: Your mind is acute. (Int +2) [potion of
                  | mutation]
   266 | D        | Gained mutation: You can translocate small distances at
                  | will. [potion of mutation]
   267 | D        | Lost mutation: Your mind is acute. (Int +2) [potion of
                  | mutation]
   267 | D        | Lost mutation: You expend magic power (3 MP) to strengthen
                  | your wands. [potion of mutation]
   267 | D        | Gained mutation: Your muscles are strong. (Str +2) [potion
                  | of mutation]
   267 | D        | Gained mutation: You are partially covered in thin metallic
                  | scales. (AC +2) [potion of mutation]
   267 | D        | Gained mutation: You are resistant to hostile enchantments.
                  | (MR+) [potion of mutation]
   277 | D        | Reached skill level 7 in Earth Magic
   458 | D        | Reached XP level 4. HP: 19/19 MP: 3/10
   525 | D        | Noticed a water elemental
   530 | D        | Killed a water elemental
   530 | D        | Reached skill level 5 in Spellcasting
   530 | D        | Reached skill level 1 in Transmutations
   530 | D        | Reached skill level 8 in Earth Magic
   530 | D        | Reached XP level 5. HP: 22/22 MP: 3/12
   601 | D        | Learned a level 5 spell: Lee's Rapid Deconstruction
   639 | D        | Found a radiant altar of Vehumet.
   639 | D        | Found a shimmering blue altar of Sif Muna.
   639 | D        | Found an ancient bone altar of Kikubaaqudgha.
   640 | D        | Reached skill level 9 in Earth Magic
   641 | D        | Reached skill level 1 in Conjurations
   653 | D        | Became a worshipper of Vehumet
   659 | D        | Learned a level 4 spell: Petrify
   732 | D        | Found a glowing silver altar of Zin.
   732 | D        | Found a glowing golden altar of the Shining One.
   732 | D        | Found a white marble altar of Elyvilon.
   732 | D        | Noticed a deep elf mage
   734 | D        | Noticed a tarantella
   734 | D        | Noticed a demonic crawler
   739 | D        | Killed a deep elf mage
   739 | D        | Reached skill level 12 in Earth Magic
   739 | D        | Reached XP level 6. HP: 13/25 MP: 3/17
   739 | D        | Reached XP level 7. HP: 15/28 MP: 3/19
   890 | D        | Found a basalt altar of Yredelemnul.
   890 | D        | Found a shadowy altar of Dithmenos.
   890 | D        | Found a sacrificial altar of Ru.
   892 | D        | Reached * piety under Vehumet
   892 | D        | Offered knowledge of Freeze by Vehumet.
   892 | D        | Reached skill level 13 in Earth Magic
   935 | D        | Found a hide-covered altar of Uskayaw.
   935 | D        | Found a roughly hewn altar of Beogh.
   935 | D        | Found an iron altar of Okawaru.
   935 | D        | Found a bloodstained altar of Trog.
   935 | D        | Found an ornate altar of the Wu Jian Council.
   935 | D        | Noticed a human
   935 | D        | Noticed a human
   937 | D        | Killed a human
   937 | D        | Killed a human
   937 | D        | Reached skill level 10 in Spellcasting
   937 | D        | Reached skill level 14 in Earth Magic
   937 | D        | Reached XP level 8. HP: 32/32 MP: 9/22
  1072 | D        | Reached ** piety under Vehumet
  1072 | D        | Offered knowledge of Foxfire by Vehumet.
  1072 | D        | Noticed a shadow
  1075 | D        | Killed a shadow
  1155 | D        | Found a blossoming altar of Fedhas.
  1155 | D        | Found a stormy altar of Qazlal.
  1155 | D        | Found a snail-covered altar of Cheibriados.
  1155 | D        | Found a burning altar of Makhleb.
  1155 | D        | Found a shimmering altar of Xom.
  1156 | D        | Found a hazy altar of Hepliaklqana.
  1156 | D        | Found an opulent altar of Gozag.
  1156 | D        | Found a sparkling altar of Nemelex Xobeh.
  1156 | D        | Found a corrupted altar of Lugonu.
  1156 | D        | Found a viscous altar of Jiyva.
  1254 | D        | Noticed Snorg
  1308 | D        | Killed Snorg
  1308 | D        | Offered knowledge of Frozen Ramparts by Vehumet.
  1308 | D        | Reached skill level 16 in Earth Magic
  1308 | D        | Reached XP level 9. HP: 26/36 MP: 9/25
  1426 | D        | Reached *** piety under Vehumet
  1485 | D        | Noticed a centaur warrior
  1487 | D        | Offered knowledge of Hailstorm by Vehumet.
  1490 | D        | Killed a centaur warrior
  1490 | D        | Reached skill level 17 in Earth Magic
  1572 | D        | Killed an unseen horror
  1572 | D        | Reached **** piety under Vehumet
  1572 | D        | Reached XP level 10. HP: 26/40 MP: 9/27
  1584 | D        | Killed an unseen horror
  1584 | D        | Reached skill level 18 in Earth Magic
  1584 | D        | Reached skill level 1 in Evocations
  1783 | D        | Offered knowledge of Inner Flame by Vehumet.
  1784 | D        | Reached ***** piety under Vehumet
  1787 | D        | Reached skill level 5 in Dodging
  1788 | D        | Reached ****** piety under Vehumet
  1918 | D        | Learned a level 3 spell: Inner Flame
  1929 | D        | Offered knowledge of Lightning Bolt by Vehumet.
  1929 | D        | Reached skill level 15 in Spellcasting
  1929 | D        | Reached skill level 19 in Earth Magic
  2073 | D        | Found Dorr's Jewellery Boutique.
  2073 | D        | Noticed an orc knight
  2073 | D        | Noticed an orc sorcerer
  2076 | D        | Noticed an orc high priest
  2080 | D        | Noticed a soul eater
  2080 | D        | Killed an orc sorcerer
  2080 | D        | Reached XP level 11. HP: 36/44 MP: 9/30
  2083 | D        | Offered knowledge of Irradiate by Vehumet.
  2084 | D        | Killed an orc high priest
  2087 | D        | Demolished by an orc knight

Illustrated notes

Levels and vault maps discovered:
D:        dungeon_sprint_mu [sprint_mu_entry_forest, sprint_mu_temple_rooms,
          sprint_mu_d1_horrors, sprint_mu_d2_genie, sprint_mu_d3_branching,
          sprint_mu_orc_legion, sprint_mu_elf_gauntlet, sprint_mu_hive_nellie,
          sprint_mu_lair_fedhas, sprint_mu_vaults_butterflies,
          sprint_mu_slime_circle, sprint_mu_shoals_archi,
          sprint_mu_snake_twists, sprint_mu_blade_basic,
          sprint_mu_crypt_chambers, sprint_mu_tomb_spiral,
          sprint_mu_vestibule_basic, sprint_mu_gehenna_hellfire,
          sprint_mu_dis_giant, sprint_mu_tartarus_statrot,
          sprint_mu_cocytus_islands, sprint_mu_zot1]

Skill      XL: |  1  2  3  4  5  6  7  8  9 10 11 |
---------------+----------------------------------+-----
Earth Magic    | 6 7 8 12 14 16 17 19 | 19.6
Dodging        | 2 3 4 5 |  5.8
Spellcasting   | 3 4 5 8 10 12 13 15 | 15.7
Transmutations | 1 2 |  2.9
Conjurations   | 2 3 |  3.5
Evocations     | 1 2 |  2.0
Fighting       | |  0.5
Stealth        | |  2.5
Unarmed Combat | |  0.2

Action                   |  1- 3 |  4- 6 |  7- 9 | 10-12 || total
-------------------------+-------+-------+-------+-------++-------
Melee: Unarmed           |    13 |       |       |     1 ||    14
 Cast: Sandblast         |    12 |     4 |     2 |     1 ||    19
       Stone Arrow       |     1 |     2 |       |    10 ||    13
       Passwall          |     1 |       |       |       ||     1
       Lee's Rapid Decon |       |     5 |    25 |    20 ||    50
       Petrify           |       |       |     2 |     1 ||     3
Evoke: Tin of tremorston |       |       |     1 |     6 ||     7
  Use: Potion            |     3 |     1 |     2 |     2 ||     8
Armor: Robe              |     4 |     2 |     3 |    12 ||    21
Dodge: Dodged            |    13 |     3 |     1 |    14 ||    31

Table legend: (Time is in decaauts)
 A = Elapsed time spent in this place.
 B = Non-inter-level travel time spent in this place.
 C = Inter-level travel time spent in this place.
 D = Time resting spent in this place.
 E = Time spent auto-exploring this place.
 F = Levels seen in this place.
 G = Mean time per level.
                   A        B        C        D        E       F      G
               +--------+--------+--------+--------+--------+-----+--------+
         Total |   2059 |   2059 |      0 |   1509 |      1 |   1 | 2059.0 |
       Dungeon |   2059 |   2059 |      0 |   1509 |      1 |   1 | 2059.0 |
               +--------+--------+--------+--------+--------+-----+--------+

Top non-repeatable levels by time:
       D: 2059 daAuts
